AoeStats
← betaxy

Arabia

508660135Analyzed
1v1 RM · 8d ago on Sep 23, 2026· 24m 50s· 2 players
Game mode
Random Map
Map size
Tiny (2 player)
Population
200
Speed
Normal
Resources
Standard
Victory
Conquest
Starting age
Dark Age
Ending age
Imperial Age
RankedLock teamsTeams togetherTeam positionsShared explorationLock speedFull tech treeHidden civsTurbo modeCheats
Victory
Defeat
🇯🇵 Varangians · Japan
1075
+16
🇩🇪 Varangians · Germany
1072
-16
betaxy
6:48 Loom
9:35 Feudal Age
10:12 Double-Bit Axe
11:55 Man-at-Arms
14:34 Horse Collar
15:54 Scale Mail Armor
17:51 Forging
19:59 Gold Mining
21:25 Fletching
21:35 Padded Archer Armor
25:48 Castle Age
game_is_life
11:13 Feudal Age
10:22 Loom
11:16 Man-at-Arms
11:56 Double-Bit Axe
17:14 Padded Archer Armor
19:04 Wheelbarrow
21:00 Castle Age
21:40 Bloodlines
21:41 Scale Barding Armor
21:47 Forging
22:25 Horse Collar
23:08 Bow Saw
Connection lost

Rejoining the realm…

Still unreachable

The connection could not be restored.

Session expired

The server has moved on; the page needs a fresh start.